 Dungeon Crawl Stone Soup version 0.23.2-33-g5129a83184 (webtiles) character file.

Game seed: 15916998763347065861

60 Matador8 the Grave Robber (level 3, 2/24 HPs)
             Began as a Demonspawn Necromancer on June 26, 2019.
             Quit the game on level 2 of the Dungeon.
             The game lasted 00:09:54 (1474 turns).

Matador8 the Grave Robber (Demonspawn Necromancer)  Turns: 1474, Time: 00:09:55

Health: 2/24       AC:  4    Str:  8    XL:     3   Next: 80%
Magic:  1/7        EV: 12    Int: 17    God:
Gold:   84         SH:  0    Dex: 13    Spells: 3/8 levels left

rFire    . . .     SeeInvis .   g - +0 dagger
rCold    . . .     Gourm    .   (no shield)
rNeg     . . .     Faith    .   a - +0 robe
rPois    .         Spirit   .   (no helmet)
rElec    .         Reflect  .   (no cloak)
rCorr    .         Harm     .   (no gloves)
MR       .....                  (no boots)
Stlth    ++........             (no amulet)
HPRegen  0.08/turn              (no ring)
MPRegen  0.10/turn              (no ring)

@: lethally poisoned (2 -> -3), flying
A: hooves 1, yellow scales 1
a: no special abilities


You were on level 2 of the Dungeon.
You were hungry.

You visited 1 branch of the dungeon, and saw 2 of its levels.

You collected 84 gold pieces.

Inventory:

Hand Weapons
 g - a +0 dagger (weapon)
Armour
 a - a +0 robe (worn)
 k - a +0 leather armour
Jewellery
 h - a +3 ring of dexterity
Scrolls
 d - a scroll of remove curse {unknown}
 e - 2 scrolls of immolation {unknown}
 f - a scroll of noise {unknown}
Comestibles
 b - 4 chunks of flesh
 c - 4 rations


   Skills:
 - Level 1.7 Dodging
 - Level 1.7 Stealth
 + Level 3.1 Spellcasting
 + Level 5.3 Necromancy


You had 3 spell levels left.
You knew the following spells:

 Your Spells              Type           Power        Failure   Level  Hunger
a - Pain                  Necr           ###.         1%          1    None
b - Animate Skeleton      Necr           N/A          1%          1    None
c - Vampiric Draining     Necr           ###.......   6%          3    ###....

Your spell library contained the following spells:

 Spells                   Type           Power        Failure   Level  Hunger
 Regeneration             Chrm/Necr      ##........   17%         3    ###....
 Animate Dead             Necr           N/A          21%         4    ####...


Dungeon Overview and Level Annotations

Branches:
Dungeon (2/15)

Altars:


Innate Abilities, Weirdness & Mutations

You have large cloven feet.
You are partially covered in yellow scales. (AC +2)


Message History

You hit the worker ant. Your kick misses the worker ant.
The worker ant is almost dead.
The worker ant barely misses you. The worker ant bites you.
* * * LOW HITPOINT WARNING * * *
You are lethally poisoned!
The worker ant poisons you!
Sorry, you're not good enough to have a special ability.
You aren't carrying any potions.
Unknown command.
* * * LOW HITPOINT WARNING * * *
You feel sick.
* * * LOW HITPOINT WARNING * * *
You feel sick.
* * * LOW HITPOINT WARNING * * *
You feel sick. The worker ant barely misses you.
* * * LOW HITPOINT WARNING * * *
You feel sick.
Okay, then.
Unknown command.
Are you sure you want to abandon this character and quit the game? (Confirm with "yes".)

.# #.# #.# #..
#.# #.#
#######.#####.#
#.a..ZZ.......#
#@#####.#.###..
#.#####..(.....
#.##...Z..###..
#.##Z###..#
#.##.## ..#
#.#^..# ..#
#..#.#.#..#
#.##.##.... .
#.......###. ..


You could see a worker ant, a friendly frilled lizard skeleton and a friendly
goblin skeleton.

Vanquished Creatures
  A gnoll (D:1)
  A worm (D:2)
  A dart slug (D:1)
  A leopard gecko (D:1)
  5 bats (D:1)
  A giant cockroach (D:1)
  5 goblins
  A hobgoblin (D:1)
  5 jackals (D:1)
  5 kobolds (D:1)
  2 frilled lizards
  12 rats (D:1)
40 creatures vanquished.

Vanquished Creatures (collateral kills)
  2 giant cockroaches (D:1)
  A goblin (D:1)
  A jackal (D:1)
  A rat (D:1)
5 creatures vanquished.

Grand Total: 45 creatures vanquished

Notes
Turn   | Place    | Note
-------+----------+-------------------------------------------
     0 | D:1      | Matador8 the Demonspawn Necromancer began the quest for the
                  | Orb.
     0 | D:1      | Reached XP level 1. HP: 13/13 MP: 3/3
   376 | D:1      | Gained mutation: You are partially covered in yellow
                  | scales. (AC +2) [demonic ancestry]
   376 | D:1      | Reached XP level 2. HP: 17/19 MP: 1/5
   431 | D:1      | Learned a level 1 spell: Animate Skeleton
   610 | D:1      | Reached skill level 5 in Necromancy
   610 | D:1      | Gained mutation: You have large cloven feet. [demonic
                  | ancestry]
   610 | D:1      | Reached XP level 3. HP: 13/24 MP: 1/7
   903 | D:1      | Learned a level 3 spell: Vampiric Draining
  1474 | D:2      | Quit the game

Skill      XL: |  1  2  3 |
---------------+----------+-----
Necromancy     | 5 |  5.3
Spellcasting   | 3 |  3.1
Dodging        | |  1.7
Stealth        | |  1.7

Action                   || total
-------------------------++-------
Melee: Dagger            ||    60
       Unarmed           ||     2
       Kick              ||    14
 Cast: Pain              ||    46
       Animate Skeleton  ||    15
       Vampiric Draining ||     1
  Use: Potion            ||     2
 Stab: Distracted        ||     1
  Eat: Chunk             ||     2
Armor: Robe              ||    28
Dodge: Dodged            ||    58
